cohdb
Replays
Latest Replays
All Replays
Popular Replays
Top Player Replays
Match Explorer
How It Works
Community
CoH3 Stats
Reddit
Sign in to upload your games and track your stats! →
Sign in with Steam
Match 37876866
Unlisted
Match 37876866
Overview
Messages
Build Orders
End
Construct Weapon Support Center
Selects Special Operations Battlegroup
Selects M29 Weasel Recon Vehicle
M29 Weasel Recon Vehicle
Scout Squad
M29 Weasel Recon Vehicle
Engineer Squad
M1919 Machine Gun Team
Air Support Center
Bazooka Squad
Mortar Pit
M3 Armored Personnel Carrier
Air Supply
Mortar Pit
Selects P-47 Anti-Infantry Loiter
Grasshopper Recon Run
P-47 Dive Bomb
Construct Tank Depot
Honey
khj
Phai_Phai
Boo
R.U.C
zaro
NickTamAir [Goat Company]
Gorilla
0
0
Comments
sign in to comment!
No comments posted yet!